AoeStats
← Justus Jonas

Black Forest

510351727Analyzed
2v2 RM · 1d ago on Sep 30, 2026· 43m 12s· 4 players
Game mode
Random Map
Map size
Medium (4 player)
Population
200
Speed
Normal
Resources
Standard
Victory
Conquest
Starting age
Dark Age
Ending age
Imperial Age
RankedLock teamsTeams togetherTeam positionsShared explorationLock speedFull tech treeHidden civsTurbo modeCheats
Victory
Defeat
🇩🇪 Bohemians · Germany
1075
+11
🇩🇪 Vietnamese · Germany
872
+19
🇳🇴 Chinese · Norway
1038
-18
🇳🇴 Khmer · Norway
874
-12
SalatNOR
0:48 Loom
13:55 Feudal Age
18:27 Castle Age
16:26 Double-Bit Axe
17:30 Fishing Lines
19:12 Town Watch
20:34 Fletching
20:43 Gillnets
22:03 Town Patrol
23:39 Bow Saw
24:03 Light Cavalry
25:45 Fortified Wall
26:03 Bodkin Arrow
27:26 Great Wall
27:50 Masonry
27:55 Bloodlines
27:46 Husbandry
29:05 Scale Barding Armor
29:11 Forging
31:51 Wheelbarrow
32:00 Scale Mail Armor
32:23 Chain Barding Armor
33:09 Padded Archer Armor
32:44 Crossbowman
34:43 Ballistics
34:41 Leather Archer Armor
34:35 Thumb Ring
38:45 Imperial Age
39:03 Arbalester
Ateir
3:58 Loom
14:26 Feudal Age
16:24 Wheelbarrow
16:21 Horse Collar
17:16 Double-Bit Axe
19:08 Gold Mining
26:58 Castle Age
28:02 Hand Cart
28:51 Gold Shaft Mining
28:18 Heavy Plow
28:46 Bow Saw
28:58 Stone Mining
29:12 Town Watch
38:32 Imperial Age
36:56 Scale Barding Armor
37:04 Forging
38:50 Cavalier
39:30 Husbandry
42:10 Chain Barding Armor
41:51 Scale Mail Armor
PersianAria95
2:52 Loom
14:35 Feudal Age
16:54 Wheelbarrow
19:11 Castle Age
18:09 Double-Bit Axe
18:18 Horse Collar
20:47 Hand Cart
23:47 Bow Saw
26:30 Fletching
26:41 Padded Archer Armor
27:32 Thumb Ring
26:49 Crossbowman
28:50 Heavy Plow
30:41 Gold Mining
30:42 Stone Mining
31:18 Ballistics
31:03 Bodkin Arrow
31:24 Leather Archer Armor
34:54 Imperial Age
37:26 Crop Rotation
37:59 Two-Man Saw
37:01 Arbalester
39:45 Chemistry
39:39 Bracer
40:10 Ring Archer Armor
Justus Jonas
0:38 Loom
12:59 Feudal Age
18:01 Castle Age
15:58 Double-Bit Axe
19:15 Fishing Lines
19:51 Bow Saw
24:29 Wheelbarrow
24:19 Gillnets
27:31 Imperial Age
26:44 Chemistry
25:55 Pikeman
26:38 Scale Mail Armor
28:24 Halberdier
30:27 Chain Mail Armor
30:23 Forging
32:08 Hand Cart
31:52 Arson
32:41 Plate Mail Armor
32:37 Squires
34:46 Iron Casting
34:43 Onager
37:26 Blast Furnace
39:11 Houfnice
40:34 Light Cavalry
Connection lost

Rejoining the realm…

Still unreachable

The connection could not be restored.

Session expired

The server has moved on; the page needs a fresh start.